Map: Tours du crépuscule

Players

Roli

  • Race: Terran Terran
  • League: Gold
  • Spawn Location: 7:00

zidar - Winner!

  • Race: Zerg Zerg
  • League: Silver
  • Spawn Location: 1:00

VOD

Have the link to the VOD?

Description

Time

  • Played on: March 6, 2016, 9:29 a.m.
  • Length: 20:58
Show
View Real Time Build Order
Export as new Build Order

Roli Terran 

Build Orders:  

Get SALT Encoding   

  12  0:01  SCV  
  13  0:13  SCV  
  14  0:23  Supply Depot  
  14  0:25  SCV  
  15  0:45  SCV  
  15  0:47  Barracks  
  16  0:51  Barracks  
  16  0:57  SCV  
  16  1:00  Refinery  
  17  1:09  SCV  
  18  1:21  SCV, Supply Depot  
  19  1:33  SCV  
  19  1:37  Marine  
  19  1:39  Marine  
  22  1:42  Refinery  
  22  1:49  Orbital Command  
  22  1:58  Barracks Reactor  
  22  1:59  Marine  
  23  2:15  Factory  
  23  2:16  SCV  
  23  2:18  Marine  
  25  2:28  SCV  
  26  2:36  Marine x2  
  27  2:38  Barracks  
  27  2:40  SCV  
  28  2:44  Barracks Tech Lab  
  28  2:54  Marine x2  
  28  2:56  Supply Depot  
  30  2:59  Factory Tech Lab  
  30  3:07  Supply Depot  
  30  3:13  Stimpack  
  30  3:19  Marine x2  
  32  3:23  Marine  
  33  3:36  Siege Tank  
  36  3:45  Barracks Reactor  
  36  4:09  Command Center  
  36  4:14  Marine  
  36  4:15  Marine  
  38  4:18  Marine  
  38  4:22  Marine  
  40  4:26  Marine  
  41  4:37  Engineering Bay  
  40  4:55  Siege Tank  
  43  5:01  Starport  
  43  5:11  Bunker  
  43  5:18  Terran Infantry Weapons Level 1  
  43  5:22  SCV  
  43  5:27  SCV  
  45  5:31  Marine  
  45  5:34  Marine, SCV  
  48  5:37  Marine  
  48  5:41  Starport Reactor  
  49  5:45  Combat Shield  
  49  5:51  Marauder  
  51  6:00  Barracks Tech Lab  
  51  6:03  Barracks  
  51  6:14  Marine x2, Marauder  
  51  6:18  Orbital Command  
  55  6:23  Medivac  
  57  6:28  Medivac  
  59  6:36  Siege Tank  
  59  6:39  Concussive Shells  
  62  6:50  Sensor Tower  
  62  6:59  Supply Depot  
  62  7:14  Terran Infantry Armor Level 1  
  62  7:21  Marine x2, SCV  
  67  7:23  Marauder x2  
  69  7:33  SCV  
  70  7:44  Missile Turret x2  
  70  7:46  Missile Turret  
  70  8:03  Missile Turret  
  70  8:05  Missile Turret  
  70  8:06  Missile Turret  
  70  8:26  Missile Turret  
  70  8:29  Missile Turret  
  70  9:49  Missile Turret  
  70  9:50  Missile Turret  
  70  9:52  Missile Turret x2  
  70  9:59  Refinery  
  70  10:00  Refinery, Supply Depot  
  70  10:03  Engineering Bay  
  70  10:06  Armory  
  70  10:11  Missile Turret  
  70  10:12  Supply Depot  
  70  10:13  Missile Turret x2  
  70  10:21  Marine, Marauder, SCV  
  78  10:29  Widow Mine x2  
  78  10:33  Medivac x2  
  78  10:34  Marauder x2  
  86  10:36  Supply Depot  
  86  10:57  Marine x3  
  86  10:58  SCV  
  86  10:59  Terran Infantry Weapons Level 2  
  86  11:01  Terran Infantry Armor Level 2  
  94  11:05  Widow Mine x2  
  94  11:58  Command Center  
  94  12:30  Supply Depot  
  94  12:37  Terran Vehicle Weapons Level 1  
  94  12:51  Marine x3, Viking, Siege Tank  
  94  12:53  Marine x3, Supply Depot  
  94  12:54  Viking, SCV  
  108  13:06  SCV  
  108  13:09  Marine x2  
  108  13:11  Marine  
  112  13:17  Sensor Tower  
  112  13:23  Siege Tank  
  114  13:32  Liberator  
  114  13:40  Planetary Fortress  
  114  13:45  Viking  
  119  14:04  Missile Turret  
  119  14:23  Missile Turret  
  119  14:36  Orbital Command  
  119  14:44  Missile Turret  
  119  15:08  Missile Turret  
  119  15:10  SCV  
  120  15:19  Viking x2  
  124  15:22  SCV  
  124  15:24  Marine x2  
  124  15:28  Missile Turret  
  127  15:49  Viking x2  
  131  16:13  Refinery  
  131  16:16  Marine x2, Refinery  
  133  16:23  Supply Depot  
  133  16:24  Supply Depot  
  133  16:26  Supply Depot  
  133  16:30  Supply Depot  
  133  16:44  Marine  
  133  16:45  Marine x2, Viking x2, SCV  
  133  16:46  Supply Depot  
  147  16:51  Supply Depot  
  147  16:53  Widow Mine x2, Supply Depot  
  147  16:55  Supply Depot  
  147  17:00  Marauder  
  148  17:02  Marauder  
  148  17:04  Marauder  
  151  17:12  Supply Depot  
  155  17:15  Supply Depot  
  155  17:21  Widow Mine x2, SCV  
  156  17:24  Marauder  
  156  17:25  Marauder  
  160  17:33  Marine x2, Marauder, SCV  
  169  17:45  Marauder, SCV  
  169  17:46  Marine  
  169  17:50  Widow Mine x2  
  169  17:51  Marine x2  
  174  17:54  Marine  
  176  18:17  Command Center  
  180  18:25  Widow Mine x2  
  180  18:35  Marine x2, Marauder x3  
  188  18:56  Marauder  
  190  19:03  Siege Tank  
  190  19:07  Factory  
  192  19:33  Orbital Command  
  192  19:35  Marine x4, Marauder x2  
  119  19:56  Marauder  
  71  20:05  Marine x2  
Show
View Real Time Build Order
Export as new Build Order

zidar Zerg - Winner!

Build Orders: Pool First, Zergling Baneling 

Get SALT Encoding   

  12  0:05  Drone  
  13  0:13  Overlord  
  13  0:17  Drone  
  14  0:31  Drone x2  
  16  0:37  Drone  
  17  0:55  Spawning Pool  
  17  0:56  Drone  
  17  1:14  Hatchery  
  17  1:16  Drone  
  17  1:20  Extractor, Drone  
  17  1:42  Queen  
  17  1:44  Zergling x6  
  21  2:00  Zergling x2  
  22  2:22  Overlord  
  22  2:25  Queen  
  24  2:30  Baneling Nest  
  23  2:37  Drone  
  23  2:38  Drone  
  25  2:54  Drone  
  26  2:59  Zergling x8  
  26  3:00  Zergling x4  
  32  3:09  Extractor  
  32  3:11  Drone  
  32  3:31  Zergling x6  
  32  3:32  Zergling x2  
  36  3:37  Baneling x6  
  36  3:38  Baneling  
  36  4:07  Overlord x2  
  36  4:25  Metabolic Boost  
  36  4:33  Drone x4  
  36  4:34  Drone x2  
  36  4:37  Zergling x8  
  36  4:38  Zergling x2  
  47  4:40  Baneling x2  
  47  4:41  Baneling  
  47  4:43  Baneling  
  46  4:54  Lair  
  46  5:11  Drone x3  
  46  5:13  Drone x2  
  51  5:20  Extractor  
  50  5:23  Extractor  
  49  5:30  Baneling x2  
  49  5:56  Drone x2  
  51  5:59  Overlord x2  
  51  6:00  Overlord x2  
  51  6:01  Overlord  
  51  6:15  Hatchery  
  50  6:22  Spire  
  49  6:35  Drone  
  49  6:36  Drone x2  
  49  6:37  Drone x2  
  54  6:43  Pneumatized Carapace  
  54  7:08  Spore Crawler  
  53  7:12  Spore Crawler  
  52  7:33  Mutalisk x7  
  66  7:46  Evolution Chamber  
  66  7:47  Evolution Chamber  
  64  7:55  Queen  
  64  7:58  Overlord  
  66  8:01  Drone  
  66  8:04  Drone  
  68  8:07  Drone  
  69  8:29  Drone x6  
  75  8:37  Zerg Melee Weapons Level 1  
  75  8:59  Drone x3  
  78  9:04  Drone x5  
  78  9:05  Drone x5  
  88  9:45  Zerg Ground Armor Level 1  
  88  9:50  Infestation Pit  
  87  9:56  Zergling x2  
  87  9:57  Zergling x4  
  90  10:00  Overlord x4  
  90  10:01  Overlord  
  90  10:10  Hatchery  
  89  10:22  Baneling x2  
  89  10:23  Baneling x3  
  89  10:24  Baneling  
  89  10:26  Hatchery  
  88  10:29  Zergling x6  
  88  10:30  Zergling x30  
  106  10:36  Zerg Melee Weapons Level 2  
  106  11:11  Baneling x11  
  106  11:14  Zergling x10  
  106  11:15  Zergling x20  
  121  11:24  Hive  
  121  11:40  Baneling x6  
  121  11:41  Baneling x12  
  121  12:14  Extractor  
  120  12:15  Extractor  
  120  12:22  Zerg Ground Armor Level 2  
  119  12:30  Zergling x2  
  119  12:31  Zergling x6  
  119  12:32  Zergling x2  
  119  12:35  Baneling  
  119  12:36  Baneling x10  
  124  12:44  Ultralisk Cavern  
  123  12:50  Adrenal Glands  
  123  13:12  Zerg Melee Weapons Level 3  
  123  13:19  Overlord x3, Hatchery  
  122  13:20  Overlord x5  
  121  13:38  Chitinous Plating  
  121  14:10  Corruptor x4  
  121  14:11  Corruptor x3  
  135  14:40  Extractor  
  135  14:41  Extractor  
  135  14:43  Zerg Ground Armor Level 3  
  133  14:46  Zerg Flyer Weapons Level 1  
  133  15:19  Overlord  
  133  16:00  Ultralisk  
  133  16:01  Ultralisk x4  
  133  16:02  Ultralisk x4  
  133  16:03  Ultralisk x2  
  199  17:19  Centrifical Hooks  
  125  20:26  Corruptor  
Tags
 
Add a new tag
Caveats
  • Supply blocks, unpowered buildings, or Contaminate may cause inaccurate times.
  • Supply counts are checked every 10 seconds.